 Dungeon Crawl Stone Soup version 0.22.1-1-ga44c0e5 (webtiles) character file.

4246 Fang the Cleaver (level 10, 0/64 HPs)
             Began as a Gargoyle Berserker on Sept 24, 2018.
             Was a High Priest of Trog.
             Slain by a howler monkey (4 damage)
             ... on level 8 of the Dungeon.
             The game lasted 00:12:31 (7649 turns).

Fang the Cleaver (Gargoyle Berserker)               Turns: 7649, Time: 00:12:31

Health: 0/64       AC:  9    Str: 24    XL:     10   Next: 30%
Magic:  10/10      EV: 14    Int:  8    God:    Trog [*****.]
Gold:   390        SH:  0    Dex:  9    Spells: 9/9 levels left

rFire    . . .     SeeInvis +   a - +0 hand axe
rCold    . . .     Gourm    .   (no shield)
rNeg     + . .     Faith    .   b - +0 animal skin
rPois    ∞         Spirit   .   (no helmet)
rElec    +         Reflect  .   (no cloak)
rCorr    +         Harm     .   (no gloves)
MR       .....                  (no boots)
Stlth    ++........             e - amulet of regeneration (curse)
HPRegen  0.60/turn              i - ring of see invisible
MPRegen  0.12/turn              o - ring of resist corrosion

@: berserk cooldown, slowed, very slow
A: negative energy resistance 1, electricity resistance, unbreathing,
petrification resistance, rot immunity, AC +7
a: Berserk, Trog's Hand, Brothers in Arms, Renounce Religion


You were on level 8 of the Dungeon.
You worshipped Trog.
Trog was extremely pleased with you.
You were not hungry.

You visited 2 branches of the dungeon, and saw 9 of its levels.

You collected 390 gold pieces.

Inventory:

Hand Weapons
 a - a +0 hand axe (weapon)
Armour
 b - a +0 animal skin (worn)
Jewellery
 e - a cursed amulet of regeneration (around neck)
 i - a ring of see invisible (left hand)
 o - a ring of resist corrosion (right hand)
 x - an uncursed ring of flight
Wands
 p - a wand of random effects (24)
 w - a wand of enslavement (11)
 A - a wand of flame (39)
Scrolls
 f - 8 scrolls of teleportation {unknown}
 j - 7 scrolls of identify {unknown}
 k - a scroll of noise {unknown}
 l - 4 scrolls of enchant weapon {unknown}
 n - 3 scrolls of blinking {unknown}
 q - 2 scrolls of amnesia {unknown}
 r - 4 scrolls of enchant armour {unknown}
 y - 3 scrolls of remove curse {unknown}
 B - 2 scrolls of fog {unknown}
 C - a scroll of silence {unknown}
 E - a scroll of immolation {unknown}
Potions
 d - 2 potions of magic {unknown}
 g - 3 potions of agility {unknown}
 h - 4 potions of lignification {unknown}
 m - 2 potions of curing {unknown}
 s - 3 potions of mutation {unknown}
 t - a potion of ambrosia {unknown}
 u - a potion of might {unknown}
 v - a potion of haste {unknown}
 z - 2 potions of brilliance {unknown}
 D - a potion of degeneration {unknown}
 F - a potion of heal wounds {unknown}
Comestibles
 c - 13 rations
 G - 4 chunks of flesh


   Skills:
 + Level 8.3 Fighting
 + Level 9.8 Axes
 + Level 2.3 Armour
 + Level 6.1 Dodging
 + Level 3.8 Stealth


You had 9 spell levels left.
You didn't know any spells.
Your spell library was empty.

Dungeon Overview and Level Annotations

Branches:
Dungeon (8/15)             Temple (1/1) D:6
   Lair: D:8-11

Altars:
Xom

Shops:
D:4 *


Innate Abilities, Weirdness & Mutations

You are resistant to torment.
Your stone body is resilient. (AC +7)
You are immune to poison.
You resist negative energy. (rN+)
You are resistant to electric shocks. (rElec)
You can survive without breathing.
You are immune to petrification.
You are immune to rotting.


Message History

You closely miss the howler monkey. You miss the adder. The bullfrog hits you!
* * * LOW HITPOINT WARNING * * *
The howler monkey hoots and howls with incredible vigour!
The adder bites you.
* * * LOW HITPOINT WARNING * * *
The bullfrog barely misses you. The howler monkey hits you.
* * * LOW HITPOINT WARNING * * *
You barely miss the howler monkey.
The howler monkey is heavily wounded.
You slash the bullfrog! You barely miss the adder.
The bullfrog barely misses you. The adder misses you.
The howler monkey barely misses you. The bullfrog hits you.
* * * LOW HITPOINT WARNING * * *
The adder bites you.
* * * LOW HITPOINT WARNING * * *
You hit the howler monkey.
The howler monkey is severely wounded.
You closely miss the adder. You closely miss the bullfrog.
The bullfrog misses you. The howler monkey hits you.
You die...

#.# #.. ..### #..
#.# #.# #... .>..
#.# ###.# #..##....
#.# #...# #.......
#.# #.#.# #.......
#.# #.#.#####...#
#.####.#.........# #
...........###!SF#.#
#......###.# #.h@..#
#.###.## #.# ##)†###
#.# #.# #.# #..# #.#
#.# #.# #)... #.#
#.# #.# ##.### #.#
#.# #.# #.# #.# #..
..# ### ###


You could see a bullfrog, a howler monkey and an adder.

Vanquished Creatures
  A two-headed ogre (D:8)
  Joseph (D:7)
  Grinder (D:4)
  Sigmund (D:2)
  A hungry ghost (D:7)
  A water moccasin (D:5)
  2 sky beasts
  A phantom (D:4)
  2 ogres
  A centaur (D:6)
  4 big kobolds (D:3)
  5 scorpions
  3 howler monkeys
  12 wights (D:7)
  3 crimson imps
  A jelly (D:8)
  2 orc priests (D:6)
  Crazy Yiuf (D:2)
  2 hounds
  A bullfrog skeleton (D:4)
  An iguana (D:5)
  5 orc wizards
  7 worker ants
  5 gnolls
  6 adders
  2 shadow imps (D:6)
  3 oozes
  An adder zombie (D:8)
  2 adder skeletons
  5 dart slugs
  2 worms
  7 leopard geckos
  37 orcs
  8 bats
  8 giant cockroaches
  10 goblins
  13 hobgoblins
  8 jackals
  41 kobolds (D:3)
  3 quokkas
  A ball python (D:1)
  3 frilled lizards
  2 quokka skeletons
  8 rats
234 creatures vanquished.

Vanquished Creatures (others)
  An orc wizard (D:3)
  A fungus (D:8)
2 creatures vanquished.

Grand Total: 236 creatures vanquished

Notes
Turn   | Place    | Note
-------+----------+-------------------------------------------
     0 | D:1      | Fang the Gargoyle Berserker began the quest for the Orb.
     0 | D:1      | Reached XP level 1. HP: 14/14 MP: 1/1
   140 | D:1      | Reached XP level 2. HP: 19/19 MP: 2/2
   218 | D:1      | Reached skill level 3 in Axes
   755 | D:1      | Reached XP level 3. HP: 24/24 MP: 3/3
   942 | D:2      | Reached ** piety under Trog
  1465 | D:2      | Reached XP level 4. HP: 26/29 MP: 4/4
  1492 | D:2      | Noticed Sigmund
  1502 | D:2      | Killed Sigmund
  1502 | D:2      | Reached skill level 4 in Axes
  1502 | D:2      | Reached skill level 1 in Stealth
  1502 | D:2      | Reached XP level 5. HP: 34/34 MP: 5/5
  1711 | D:2      | Found a runed door.
  1897 | D:2      | Noticed Crazy Yiuf
  1901 | D:2      | Killed Crazy Yiuf
  1901 | D:2      | Reached XP level 6. HP: 39/39 MP: 6/6
  3039 | D:3      | Reached *** piety under Trog
  3040 | D:3      | Reached skill level 5 in Axes
  3149 | D:3      | Reached XP level 7. HP: 40/44 MP: 7/7
  3376 | D:3      | Reached skill level 5 in Fighting
  3376 | D:3      | Reached skill level 6 in Axes
  3516 | D:3      | Reached **** piety under Trog
  3833 | D:4      | Reached XP level 8. HP: 25/49 MP: 8/8
  4146 | D:4      | Noticed Grinder
  4153 | D:4      | Paralysed by Grinder for 2 turns
  4161 | D:4      | Killed Grinder
  4348 | D:4      | Reached skill level 7 in Axes
  4468 | D:4      | Found Meytaacvu's General Store.
  4673 | D:5      | Entered Level 5 of the Dungeon
  4823 | D:5      | Found a shimmering altar of Xom.
  5393 | D:6      | Reached XP level 9. HP: 50/56 MP: 9/9
  5410 | D:6      | Found a staircase to the Ecumenical Temple.
  5444 | Temple   | Entered the Ecumenical Temple
  5468 | D:6      | Reached skill level 8 in Axes
  5756 | D:6      | Reached ***** piety under Trog
  6602 | D:7      | Reached skill level 5 in Dodging
  6739 | D:7      | Reached skill level 9 in Axes
  6914 | D:7      | Noticed Joseph
  6927 | D:7      | Killed Joseph
  7202 | D:7      | Reached XP level 10. HP: 42/64 MP: 10/10
  7607 | D:8      | Noticed a two-headed ogre
  7619 | D:8      | Killed a two-headed ogre
  7649 | D:8      | Slain by a howler monkey

Skill      XL: |  1  2  3  4  5  6  7  8  9 10 |
---------------+-------------------------------+-----
Axes           | 3 4 5 6 7 9 |  9.8
Fighting       | 4 5 6 7 8 |  8.3
Dodging        | 2 3 4 5 6 |  6.1
Stealth        | 1 2 3 |  3.8
Armour         | |  2.3

Action                   |  1- 3 |  4- 6 |  7- 9 | 10-12 || total
-------------------------+-------+-------+-------+-------++-------
Melee: Hand axe          |   125 |   194 |   706 |    64 ||  1089
Invok: Berserk           |     1 |     3 |     4 |     2 ||    10
 Stab: Sleeping          |     2 |       |     3 |     2 ||     7
  Eat: Chunk             |     2 |     9 |    20 |     4 ||    35
Armor: Animal skin       |    64 |    68 |   161 |    23 ||   316
Dodge: Dodged            |    91 |   140 |   402 |    66 ||   699
